 Dungeon Crawl Stone Soup version 0.28-a0-984-g3775c66 (webtiles) character file.

Game seed: 16807506817272757476

1267 ChiliFlavouring the Cutter (level 8, -5/52 HPs)
             Began as a Kobold Berserker on Dec 3, 2021.
             Was a Priest of Trog.
             Slain by a gnoll sergeant (8 damage)
             ... on level 5 of the Dungeon.
             The game lasted 00:28:49 (6766 turns).

ChiliFlavouring the Cutter (Kobold Berserker)       Turns: 6766, Time: 00:28:50

Health: -5/52      AC:  2    Str: 16    XL:     8   Next: 82%
Magic:  8/8        EV: 17    Int:  9    God:    Trog [***...]
Gold:   243        SH:  0    Dex: 14    Spells: 7/7 levels left

rFire   . . .      SeeInvis .   y - +1 dagger (flame)
rCold   . . .      Faith    .   (shield restricted)
rNeg    . . .      Spirit   .   b - +0 animal skin
rPois   .          Reflect  .   (no helmet)
rElec   .          Harm     .   (no cloak)
rCorr   .          Rampage  .   (no gloves)
Will    ++...                   (no boots)
Stlth   ++........              (no amulet)
HPRegen 1.17/turn               d - +4 ring of slaying
MPRegen 0.11/turn               (no ring)

@: strong-willed, regenerating
A: small, no large weapons, nightstalker 3
a: Renounce Religion, Berserk, Trog's Hand


You were on level 5 of the Dungeon.
You worshipped Trog.
Trog was most pleased with you.
You visited 1 branch of the dungeon, and saw 5 of its levels.

You collected 243 gold pieces.

Inventory:

Hand Weapons
 a - a +0 short sword
 s - a +2 dagger of venom
 v - a +1 rapier of draining
 y - a +1 dagger of flaming (weapon)
Missiles
 c - 14 poisoned darts
 e - 59 stones (quivered)
Armour
 b - a +0 animal skin (worn)
Jewellery
 d - a +4 ring of slaying (left hand)
 q - a ring of ice
Wands
 p - a wand of iceblast (8)
Scrolls
 h - a scroll of teleportation
 i - a scroll of fear
 j - a scroll of noise {unknown}
 m - a scroll of magic mapping {unknown}
 n - a scroll of identify
 r - 2 scrolls of summoning {unknown}
 t - 2 scrolls of enchant armour {unknown}
 u - 2 scrolls of amnesia {unknown}
Potions
 f - a potion of resistance
 g - 2 potions of magic {unknown}
 k - 2 potions of curing {unknown}
 l - 5 potions of degeneration {unknown}
 o - a potion of haste {unknown}
 w - a potion of might {unknown}
 x - a potion of heal wounds


   Skills:
 + Level 6.3 Fighting
 + Level 7.6 Short Blades
 - Level 3.0 Armour
 + Level 6.4 Dodging
 + Level 4.4 Evocations


You had 7 spell levels left.
You didn't know any spells.
Your spell library was empty.

Dungeon Overview and Level Annotations

Branches:
Dungeon (5/15)             Temple (0/1) D:4

Altars:

Annotations:
D:3 1 runed translucent door, Crazy Yiuf
D:4 2 transporters


Innate Abilities, Weirdness & Mutations

You are small and have problems with some larger weapons.
You are completely attuned to the shadows.


Message History

The gnoll sergeant is lightly wounded.
Your skin crawls.
You feel strong-willed. The gnoll closely misses you.
The gnoll sergeant hits you with a +0 spear.
You hit the gnoll sergeant but do no damage.
The gnoll sergeant is lightly wounded.
The gnoll hits you with a +0 whip.
* * * LOW HITPOINT WARNING * * *
The gnoll sergeant hits you with a +0 spear.
* * * LOW HITPOINT WARNING * * *
You barely miss the gnoll sergeant.
The gnoll sergeant is lightly wounded.
The gnoll barely misses you.
You hit the gnoll sergeant. You burn the gnoll sergeant.
The gnoll sergeant is moderately wounded.
The gnoll sergeant barely misses you.
You hit the gnoll sergeant but do no damage.
The gnoll sergeant is moderately wounded.
The gnoll hits you with a +0 whip.
* * * LOW HITPOINT WARNING * * *
The gnoll sergeant hits you with a +0 spear.
* * * LOW HITPOINT WARNING * * *
You hit the gnoll sergeant but do no damage.
The gnoll sergeant is moderately wounded.
The gnoll barely misses you.
You hit the gnoll sergeant. You burn the gnoll sergeant.
The gnoll sergeant is heavily wounded.
The gnoll sergeant hits you but does no damage.
You closely miss the gnoll sergeant.
The gnoll sergeant is heavily wounded.
The gnoll completely misses you. The gnoll sergeant closely misses you.
You hit the gnoll sergeant but do no damage.
The gnoll sergeant is heavily wounded.
You closely miss the gnoll sergeant.
The gnoll sergeant is heavily wounded.
The gnoll hits you with a +0 whip!
* * * LOW HITPOINT WARNING * * *
The gnoll sergeant hits you with a +0 spear!
You die...

....'......... ....#
....#......... ....#
....#..###.... #...#
....#..###....##†..#
....#..............#
....#..............#
....#..............#
....'........)..g..#
....#...##....##@..#
....#...##....##.g.#
#+########.....#...#
#......#...#
#......'...#
############


You could see a gnoll sergeant and a gnoll.

Vanquished Creatures
  Eustachio (D:4)
  A sky beast (D:5)
  An ogre (D:5)
  A necrophage (D:5)
  A kobold brigand (D:5)
  2 scorpions (D:5)
  A water moccasin skeleton (D:5)
  3 jellies (D:2)
  A hound (D:5)
  A gnoll shaman (D:5)
  2 orc priests (D:3)
  Terence (D:3)
  An iguana (D:5)
  An orc wizard (D:3)
  A hound zombie (D:5)
  A hound skeleton (D:4)
  10 gnolls (D:5)
  5 adders
  A shadow imp (D:5)
  2 ufetubi (D:5)
  4 dart slugs
  8 orcs (D:3)
  8 ball pythons
  16 endoplasms
  4 giant cockroaches
  10 hobgoblins
  9 jackals
  16 kobolds
  4 quokkas
  11 bats
  4 frilled lizards
  11 goblins
  7 rats
150 creatures vanquished.

Vanquished Creatures (others)
  12 toadstools (D:2)
12 creatures vanquished.

Grand Total: 162 creatures vanquished

Notes
Turn   | Place    | Note
-------+----------+-------------------------------------------
     0 | D:1      | ChiliFlavouring the Kobold Berserker began the quest for
                  | the Orb.
     0 | D:1      | Reached XP level 1. HP: 14/14 MP: 1/1
    93 | D:1      | Found a faded altar of an unknown god.
   242 | D:1      | Reached XP level 2. HP: 13/19 MP: 2/2
   569 | D:1      | Reached XP level 3. HP: 22/23 MP: 3/3
  1053 | D:1      | Reached ** piety under Trog
  1653 | D:2      | Reached XP level 4. HP: 27/29 MP: 4/4
  2274 | D:2      | Reached skill level 5 in Short Blades
  2274 | D:2      | Reached XP level 5. HP: 33/33 MP: 5/5
  2778 | D:2      | Reached XP level 6. HP: 39/39 MP: 6/6
  3029 | D:3      | Reached *** piety under Trog
  3108 | D:3      | Noticed Terence
  3136 | D:3      | Killed Terence
  3746 | D:3      | Found a runed translucent door.
  3749 | D:3      | Noticed Crazy Yiuf
  3812 | D:4      | Found a transporter.
  3981 | D:4      | Found a staircase to the Ecumenical Temple.
  4209 | D:4      | Reached XP level 7. HP: 39/44 MP: 7/7
  4238 | D:4      | Found a transporter.
  4499 | D:4      | Reached skill level 1 in Evocations
  4576 | D:4      | Noticed Eustachio
  4612 | D:4      | Killed Eustachio
  4613 | D:4      | Reached skill level 5 in Fighting
  4613 | D:4      | Reached skill level 6 in Short Blades
  4613 | D:4      | Reached skill level 5 in Dodging
  4848 | D:5      | Entered Level 5 of the Dungeon
  5241 | D:5      | Reached XP level 8. HP: 47/50 MP: 8/8
  5759 | D:5      | Reached skill level 7 in Short Blades
  6766 | D:5      | Slain by a gnoll sergeant

Illustrated notes

Levels and vault maps discovered:
D:1:      saegor_arrival_simple_d, layout_loops_ring,
          nicolae_ecumenical_snake_handling, chequers_serial_rivers_micro_a
D:2:      cheibrodos_fertilizer, layout_basic
D:3:      layout_rooms, uniq_terence, uniq_crazy_yiuf_cottage
D:4:      gammafunk_wand_slinger, layout_gridville, minmay_temple_entry_tees,
          uniq_eustachio
D:5:      layout_gridville, roderic_roman_lattice

Skill      XL: |  1  2  3  4  5  6  7  8 |
---------------+-------------------------+-----
Armour         | 2 3 |  3.0
Dodging        | 3 4 5 6 |  6.4
Fighting       | 4 5 6 |  6.3
Short Blades   | 5 6 7 |  7.6
Evocations     | 2 4 |  4.4

Action                   |  1- 3 |  4- 6 |  7- 9 || total
-------------------------+-------+-------+-------++-------
Melee: Short sword       |    93 |   141 |       ||   234
       Dagger            |       |    19 |   145 ||   164
Throw: Stone             |     3 |     1 |       ||     4
       Dart              |     1 |       |       ||     1
Invok: Berserk           |     1 |     3 |     5 ||     9
       Trog's Hand       |       |     3 |     6 ||     9
  Use: Scroll            |       |       |     3 ||     3
       Potion            |       |       |     1 ||     1
 Stab: Sleeping          |    11 |    11 |     2 ||    24
Armor: Animal skin       |     6 |    13 |     9 ||    28
Dodge: Dodged            |    49 |    61 |   149 ||   259

Table legend: (Time is in decaauts)
 A = Elapsed time spent in this place.
 B = Non-inter-level travel time spent in this place.
 C = Inter-level travel time spent in this place.
 D = Time resting spent in this place.
 E = Time spent auto-exploring this place.
 F = Levels seen in this place.
 G = Mean time per level.
                   A        B        C        D        E       F      G
               +--------+--------+--------+--------+--------+-----+--------+
         Total |   6756 |   6599 |    157 |   1372 |   3910 |   5 | 1351.2 |
       Dungeon |   6756 |   6599 |    157 |   1372 |   3910 |   5 | 1351.2 |
               +--------+--------+--------+--------+--------+-----+--------+

Top non-repeatable levels by time:
     D:5: 1910 daAuts
     D:1: 1547 daAuts
     D:2: 1322 daAuts
     D:4: 1034 daAuts
     D:3: 942 daAuts
